 Dungeon Crawl Stone Soup version 0.30-a0-939-gc8157cb160 (webtiles) character file.

Game seed: 4315642846318663544

43717 Farfigtubin the Warrior (level 13, -4/126 HPs)
             Began as a Minotaur Fighter on Mar 23, 2023.
             Was the Champion of Qazlal.
             Shot with an arrow by a centaur warrior (13 damage)
             ... while paralysed by Rupert
             ... on level 12 of the Dungeon on Mar 26, 2023.
             The game lasted 02:16:08 (17227 turns).

Farfigtubin the Warrior (Minotaur Fighter)         Turns: 17227, Time: 02:16:09

Health: -4/126     AC: 23    Str: 25    XL:     13   Next: 92%
Magic:  19/19      EV:  2    Int:  8    God:    Qazlal [******]
Gold:   1133       SH:  0    Dex: 11    Spells: 12/12 levels left

rFire   . . .      SeeInvis .    g - +10 trident of Youthful Indiscretion {holy, Int+3}
rCold   . . .      Faith    .    O - +2 tower shield
rNeg    . . .      Spirit   .    C - +0 plate armour
rPois   +          Reflect  .    (helmet restricted)
rElec   .          Rampage  .    X - +2 cloak
rCorr   .                        B - +1 pair of gloves
Will    .....                    (no boots) Stlth
                                 h - amulet of the acrobat
HPRegen 0.41/turn                n - +5 ring of evasion
MPRegen 0.16/turn                R - ring of poison resistance

@: paralysed, protected from physical damage, repel missiles
A: horns 2, retaliatory headbutt
a: Renounce Religion, Upheaval, Elemental Force, Disaster Area


You were on level 12 of the Dungeon.
You worshipped Qazlal.
Qazlal was exalted by your worship.
You visited 3 branches of the dungeon, and saw 18 of its levels.
You also visited: Sewer and Ossuary.

You collected 1133 gold pieces.

Inventory:

Hand Weapons
 g - the +10 trident of Youthful Indiscretion (weapon) {holy, Int+3}
   (You found it on level 5 of the Dungeon)

   Int:       It affects your intelligence (+3).
Missiles
 o - 49 poisoned darts (quivered)
 p - 89 stones
 D - 2 throwing nets
 H - 8 boomerangs
 I - 10 curare-tipped darts
 T - 2 javelins
Armour
 B - a +1 pair of gloves (worn)
 C - a +0 plate armour (worn)
 J - a scarf of shadows
 O - a +2 tower shield (worn)
 X - a +2 cloak (worn)
Jewellery
 h - an amulet of the acrobat (around neck)
 n - a +5 ring of evasion (left hand)
 q - the ring "Jeobrakk" {rF- rC+ rN+++ Dex-5 Stlth+}
   (You found it on level 2 of the Dungeon)

   [ring of protection from cold]

   Dex:       It affects your dexterity (-5).
   rF:        It makes you vulnerable to fire.
   rC:        It protects you from cold.
   rN:        It renders you almost immune to negative energy.
   Stlth:     It makes you more stealthy.
 t - a ring of flight
 E - a ring of willpower
 F - a ring of ice
 R - a ring of poison resistance (right hand)
 S - a ring of see invisible
 V - a ring of protection from fire
Wands
 r - a wand of roots (6)
 G - a wand of flame (34)
 K - a wand of quicksilver (5)
 Q - a wand of paralysis (14)
 U - a wand of polymorph (22)
Scrolls
 a - 3 scrolls of enchant weapon {unknown}
 b - 3 scrolls of silence
 c - a scroll of fear
 f - 3 scrolls of immolation
 i - 8 scrolls of teleportation
 k - 4 scrolls of vulnerability
 v - a scroll of magic mapping {unknown}
 w - 5 scrolls of fog
 x - 2 scrolls of torment
 y - 7 scrolls of blinking
 z - 2 scrolls of brand weapon {unknown}
 A - 2 scrolls of enchant armour {unknown}
 N - 3 scrolls of poison
 P - 4 scrolls of identify
Potions
 d - 4 potions of might
 e - 7 potions of heal wounds
 j - 6 potions of curing
 l - a potion of ambrosia {unknown}
 m - 2 potions of haste
 s - 3 potions of resistance
 u - 4 potions of attraction
 L - 3 potions of cancellation
 M - 2 potions of lignification {unknown}
 W - 2 potions of magic {unknown}


   Skills:
 + Level 15.0 Fighting
 - Level 7.3(11.2) Axes
 - Level 13.2(14.0) Polearms
 + Level 9.9 Armour
 + Level 14.4 Shields
 + Level 10.1 Invocations


You had 12 spell levels left.
You didn't know any spells.
Your spell library contained the following spells:

 Spells                   Type           Power      Damage    Failure   Level
 Beastly Appendage        Tmut           0%         N/A       100%        1
 Magic Dart               Conj           0%         1d3       100%        1
 Sandblast                Erth           0%         2d4       100%        1
 Sting                    Tmut/Pois      0%         1d3       100%        1
 Blink                    Tloc           0%         N/A       100%        2
 Call Imp                 Summ           0%         N/A       100%        2
 Cigotuvi's Dreadful Rot  Necr/Pois/Air  0%         N/A       100%        2
 Ensorcelled Hibernation  Hex/Ice        0%         N/A       100%        2
 Lesser Beckoning         Tloc           0%         N/A       100%        2
 Momentum Strike          Conj/Tloc      0%         3d8       100%        2
 Passwall                 Tmut/Erth      0%         N/A       100%        2
 Poisonous Vapours        Pois/Air       0%         N/A       100%        2
 Searing Ray              Conj           0%         2d4       100%        2
 Wereblood                Tmut           0%         N/A       100%        2
 Gell's Gravitas          Tloc           0%         N/A       100%        3
 Ignite Poison            Fire/Tmut/Pois 0%         N/A       100%        3
 Kindle Blastsparks       Fire/Tloc/Air  0%         2d10      100%        3
 Mephitic Cloud           Conj/Pois/Air  0%         N/A       100%        3
 Spider Form              Tmut/Pois      0%         N/A       100%        3
 Stone Arrow              Conj/Erth      0%         3d7       100%        3
 Swiftness                Air            0%         N/A       100%        3
 Teleport Other           Tloc           0%         N/A       100%        3
 Fulminant Prism          Conj/Hex       0%         3d5       100%        4
 Olgreb's Toxic Radiance  Pois           0%         N/A       100%        4
 Blade Hands              Tmut           0%         N/A       100%        5
 Freezing Cloud           Conj/Ice/Air   0%         6-21      100%        5
 Irradiate                Conj/Tmut      0%         3d11      100%        5
 Dispersal                Tloc           0%         N/A       100%        6
 Dragon Form              Tmut           0%         N/A       100%        7
 Necromutation            Tmut/Necr      0%         N/A       100%        8


Dungeon Overview and Level Annotations

Branches:
Dungeon (12/15)            Temple (1/1) D:4            Lair (5/5) D:10
 Shoals (0/4) Lair:2       Spider (0/4) Lair:3        Slime (0/5) Lair:5
    Orc (0/2) D:10          Sewer (visited)         Ossuary (visited)

Altars:
Ashenzari
Cheibriados
Dithmenos
Elyvilon
Fedhas
Gozag
Hepliaklqana
Kikubaaqudgha
Makhleb
Nemelex Xobeh
Okawaru
Qazlal
Ru
Sif Muna
Trog
Uskayaw
Vehumet
Wu Jian
Xom
Yredelemnul
Zin
The Shining One
Jiyva

Shops:
D:2 [

Annotations:
D:12 Rupert


Innate Abilities, Weirdness & Mutations

You have a pair of horns on your head.
You reflexively headbutt those who attack you in melee.


Message History

Something smites you!
Rupert the Wild comes into view.
He is wielding a +1 triple sword of holy wrath.
A centaur warrior comes into view.
The meliai invokes the aid of its god against you.
Something smites you! The meliai attacks as you move away!
You block the meliai's attack. x2
You hear a shout!
You block something's attack. The meliai completely misses you.
You furiously retaliate!
You headbutt the meliai. You block the meliai's attack.
The meliai attacks as you move away! The meliai misses you.
You furiously retaliate!
You headbutt the meliai. You block the meliai's attack.
You block something's attack. Rupert yells loudly at you.
You suddenly lose the ability to move!
The centaur warrior wields a +0 shortbow.
The centaur warrior shoots an arrow.
The arrow hits you!
The meliai invokes the aid of its god against you.
Something smites you!
You hear a shout!
Something hits you but does no damage. The meliai hits you with a +0 hand axe.
The meliai stings you but does no damage.
The centaur warrior shoots an arrow.
Rupert yells loudly at you.
You struggle to resist.
The meliai mumbles some strange prayers to its god against you.
Something smites you!
* * * LOW HITPOINT WARNING * * *
The meliai mumbles some strange prayers to its god against you.
Something smites you!
* * * LOW HITPOINT WARNING * * *
You hear a shout!
Something hits you.
* * * LOW HITPOINT WARNING * * *
You feel protected from physical attacks.
The meliai mumbles some strange prayers to its god against you.
Something smites you!
* * * LOW HITPOINT WARNING * * *
The centaur warrior shoots an arrow.
The arrow hits you!
You die...

........................
.?.....................#
.........#............#.
.........#............##
.........#.............#
.........##.............
.....○☼○☼...............
......°.#...............
.......@###..........#..
......○.y##..####...###.
^....○.>y.°..# .###
.................
##........##.#.##
#........# ..
.>.@......# ...
....#...c.# ..
...#...... .


You could see Rupert, a centaur warrior and 2 meliai.

Vanquished Creatures
  Fannar (D:11)
  A hydra (Lair:2)
  A two-headed ogre (D:11)
  10 death yaks (Lair:5)
  A boulder beetle (D:11)
  Sonja (Lair:3)
  2 skysharks
  An oklob plant (Lair:2)
  A cyclops (D:11)
  2 manticores
  3 black mambas
  8 cane toads
  A gargoyle (D:11)
  A rime drake (D:10)
  6 komodo dragons
  A kobold demonologist (D:11)
  3 trolls
  A wind drake (Lair:2)
  A meliai (D:12)
  5 polar bears
  Prince Ribbit (D:8)
  4 hornets (Lair:5)
  8 blink frogs
  2 dream sheep (Lair:5)
  2 vampires
  2 shadows
  2 wraiths
  4 wyverns
  51 yaks
  15 spriggans (Lair:5)
  A basilisk (Lair:5)
  4 steam dragons
  Menkaure (Ossuary)
  4 vampire mosquitoes (D:10)
  15 water moccasins
  3 orc warriors
  2 sky beasts
  9 ice beasts
  6 black bears
  An ogre (D:5)
  30 wolves
  4 boggarts (Lair:5)
  3 centaurs
  2 phantoms
  Blork the orc (D:6)
  4 kobold brigands
  9 bullfrogs
  2 gnoll sergeants (D:8)
  A scorpion (D:5)
  A wyvern zombie (D:6)
  A water moccasin zombie (D:6)
  8 wights
  A centaur zombie (D:6)
  A bullfrog zombie (D:6)
  6 orc priests
  4 jellies
  A human zombie (D:6)
  2 gnoll boudas (D:5)
  4 hounds
  A sleepcap (D:8)
  5 iguanas
  6 orc wizards
  A hell rat (Lair:5)
  5 mummies
  2 howler monkey zombies (D:6)
  13 gnolls
  7 adders
  A shadow imp (D:6)
  A white imp (D:5)
  3 ufetubi
  2 worms
  2 dart slugs
  43 orcs
  7 bats
  8 endoplasms
  10 giant cockroaches
  6 gnoll zombies (Ossuary)
  9 goblins
  15 hobgoblins
  2 jackals (D:1)
  8 quokkas
  15 ball pythons
  10 frilled lizards
  5 gnoll skeletons (Ossuary)
  2 goblin skeletons (Ossuary)
  3 goblin zombies (Ossuary)
  4 hobgoblin skeletons (Ossuary)
  2 hobgoblin zombies (Ossuary)
  22 kobolds
  3 kobold skeletons (Ossuary)
  5 kobold zombies (Ossuary)
  3 orc skeletons (Ossuary)
  3 orc zombies (Ossuary)
  12 rats
  8 rat skeletons (Ossuary)
  6 rat zombies (Ossuary)
533 creatures vanquished.

Vanquished Creatures (others)
  A kobold (D:11)
  12 fungi
  31 plants
44 creatures vanquished.

Grand Total: 577 creatures vanquished

Notes
Turn   | Place    | Note
-------+----------+-------------------------------------------
     0 | D:1      | Farfigtubin the Minotaur Fighter began the quest for the
                  | Orb.
     0 | D:1      | Reached XP level 1. HP: 19/19 MP: 0/0
   287 | D:1      | Reached XP level 2. HP: 27/27 MP: 1/1
   306 | D:1      | Found a faded altar of an unknown god.
   618 | D:1      | Reached skill level 4 in Fighting
  1132 | D:2      | Reached XP level 3. HP: 33/33 MP: 2/2
  1401 | D:2      | Found Zoiniesi's Antique Armour Shop.
  1427 | D:2      | Identified the ring "Jeobrakk" {rF- rC+ rN+++ Dex-5 Stlth+}
  1481 | D:2      | Reached XP level 4. HP: 40/40 MP: 3/3
  2605 | D:4      | Found a glowing drain.
  2613 | Sewer    | Entered a sewer
  2649 | Sewer    | Reached XP level 5. HP: 44/47 MP: 4/4
  2822 | Sewer    | Reached skill level 5 in Axes
  3065 | D:4      | Noticed a black bear
  3086 | D:4      | Killed a black bear
  3087 | D:4      | Reached skill level 5 in Fighting
  3087 | D:4      | Reached skill level 5 in Armour
  3087 | D:4      | Reached XP level 6. HP: 4/56 MP: 5/5
  3301 | D:4      | Found a staircase to the Ecumenical Temple.
  3310 | Temple   | Entered the Ecumenical Temple
  3498 | Temple   | Became a worshipper of Qazlal Stormbringer
  4037 | D:5      | Entered Level 5 of the Dungeon
  4073 | D:5      | Noticed a water moccasin
  4244 | D:5      | Killed a water moccasin
  4369 | D:5      | Found a glowing silver altar of Zin.
  4416 | D:5      | Reached XP level 7. HP: 62/62 MP: 6/6
  4427 | D:5      | Reached skill level 6 in Fighting
  4495 | D:5      | Identified the +10 trident of Youthful Indiscretion {holy,
                  | Int+3}
  4576 | D:5      | Reached skill level 1 in Polearms
  4611 | D:5      | Reached * piety under Qazlal
  4612 | D:5      | Reached skill level 5 in Shields
  4773 | D:5      | Reached XP level 8. HP: 55/71 MP: 7/7
  4890 | D:5      | Reached skill level 7 in Fighting
  5165 | D:6      | Reached skill level 5 in Polearms
  5237 | D:6      | Noticed Blork the orc
  5242 | D:6      | Killed Blork the orc
  5328 | D:6      | Found an ancient bone altar of Kikubaaqudgha.
  5351 | D:6      | Reached ** piety under Qazlal
  5439 | D:6      | Reached skill level 8 in Fighting
  5439 | D:6      | Reached XP level 9. HP: 64/81 MP: 8/8
  6784 | D:7      | Found a hide-covered altar of Uskayaw.
  6850 | D:8      | Reached skill level 9 in Fighting
  6865 | D:8      | Identified the +2 quarterstaff of Debt {flame, rElec Str+2}
  6912 | D:8      | Found a white marble altar of Elyvilon.
  6913 | D:8      | Found a radiant altar of Vehumet.
  6915 | D:8      | Found a snail-covered altar of Cheibriados.
  6951 | D:8      | Found an opulent altar of Gozag.
  6969 | D:8      | Found a sand-covered staircase.
  6978 | Ossuary  | Entered an ossuary
  7088 | Ossuary  | Reached *** piety under Qazlal
  7559 | Ossuary  | Noticed Menkaure
  7567 | Ossuary  | Killed Menkaure
  7675 | D:8      | Reached **** piety under Qazlal
  7676 | D:8      | Reached skill level 1 in Invocations
  7676 | D:8      | Reached XP level 10. HP: 91/91 MP: 9/9
  7709 | D:8      | Noticed Prince Ribbit
  7720 | D:8      | Reached skill level 10 in Polearms
  7723 | D:8      | Killed Prince Ribbit
  8230 | D:9      | You fall into a shaft and drop 1 floor!
  8230 | D:10     | Entered Level 10 of the Dungeon
  8329 | D:10     | Reached skill level 10 in Fighting
  8636 | D:10     | Reached XP level 11. HP: 101/101 MP: 13/13
  8659 | D:10     | Reached ***** piety under Qazlal
  8770 | D:10     | Found a staircase to the Lair.
  8935 | D:10     | Reached skill level 10 in Shields
  9381 | D:10     | Found a staircase to the Orcish Mines.
  9644 | D:9      | Found a shimmering altar of Xom.
 10001 | D:11     | Noticed a two-headed ogre
 10005 | D:11     | Noticed a boulder beetle
 10009 | D:11     | Killed a two-headed ogre
 10010 | D:11     | Reached skill level 11 in Fighting
 10240 | D:11     | Killed a boulder beetle
 10241 | D:11     | Reached skill level 5 in Invocations
 10314 | Lair:1   | Entered Level 1 of the Lair of Beasts
 10874 | Lair:1   | Reached skill level 12 in Fighting
 11426 | Lair:2   | Reached XP level 12. HP: 109/112 MP: 15/15
 11830 | Lair:2   | Noticed an eight-headed hydra
 11837 | Lair:2   | Killed an eight-headed hydra
 12148 | Lair:2   | Found a staircase to the Shoals.
 12725 | Lair:2   | Upgraded the game from 0.30-a0-930-gb9d0489357 to
                  | 0.30-a0-937-ga0a21ad780
 12742 | Lair:3   | Reached skill level 13 in Fighting
 12840 | Lair:3   | Noticed Sonja
 12849 | Lair:3   | Killed Sonja
 12882 | Lair:3   | Found a hole to the Spider Nest.
 14738 | Lair:4   | Upgraded the game from 0.30-a0-937-ga0a21ad780 to
                  | 0.30-a0-939-gc8157cb160
 14742 | Lair:5   | Entered Level 5 of the Lair of Beasts
 14753 | Lair:5   | Reached XP level 13. HP: 123/123 MP: 18/18
 14812 | Lair:5   | Reached skill level 14 in Fighting
 15296 | Lair:5   | Found a staircase to the Slime Pits.
 15296 | Lair:5   | Found a viscous altar of Jiyva.
 15405 | Lair:5   | Reached ****** piety under Qazlal
 16065 | Lair:5   | Got the Volume of Changing
 16657 | Lair:2   | Reached skill level 10 in Invocations
 16781 | D:11     | Noticed Fannar
 16794 | D:11     | Killed Fannar
 16917 | D:11     | Reached skill level 15 in Fighting
 17223 | D:12     | Noticed Rupert
 17225 | D:12     | Paralysed by Rupert for 3 turns
 17227 | D:12     | Shot with an arrow by a centaur warrior

Illustrated notes

Levels and vault maps discovered:
D:1:      dpeg_arrival_lava_altar, layout_basic,
          ebering_ecumenical_altar_abandoned
D:2:      layout_loops_cross, serial_shops, nicolae_shop_overgrown_old_shop,
          ebering_dispersal_statue_hall
D:3:      corexii_shack_village, layout_basic
D:4:      layout_basic, minmay_temple_entry_statues_pillars,
          gup_sewer_entry_bubbles, corexii_checkpoint_a
D:5:      layout_basic, mainiacjoe_overflow_cross_hatched, nicolae_grassy_gnolls
D:6:      layout_gridville, lemuel_mausoleum_altar_kikubaaqudgha,
          uniq_blork_the_orc
D:7:      layout_basic, nicolae_uskayaw_dance_studio, st_stairs_7
D:8:      layout_rooms, minitemple, lemuel_doored_altar,
          nicolae_ossuary_entry_plus, uniq_prince_ribbit1
D:9:      layout_loops_cross, mainiacjoe_overflow_chevrons
D:10:     layout_gridville, hellmonk_lair_entry_icy, hiddenorc1_lemuel,
          hangedman_decor_diamond_cutter
D:11:     layout_big_octagon, uniq_fannar
D:12:     layout_cave_pools, portal_ice_cave_entry_imps,
          kennysheep_cross_bottleneck, minivault_13, uniq_rupert, uniq_josephine
Temple:   nicolae_temple_bog_church
Lair:1:   layout_roguey, grunt_megastairs_3
Lair:2:   statuecave_lemuel, layout_gridlike, minmay_shoals_entry_beasts,
          grunt_megastairs_1
Lair:3:   layout_gridlike, spider_nest_entry_web_field, serial_bayou_shore_a,
          uniq_sonja
Lair:4:   layout_regular_city
Lair:5:   minmay_lair_end_enchanted_forest, layout_cave_pods,
          nicolae_slime_entry_slimehenge, st_stairs_10, grunt_megastairs_5

Skill      XL: |  1  2  3  4  5  6  7  8  9 10 11 12 13 |
---------------+----------------------------------------+-----
Axes           | 3 4 5 6 7 |  7.3
Fighting       | 4 5 6 8 9 10 12 13 15 | 15.0
Armour         | 4 5 7 9 |  9.9
Shields        | 4 5 7 8 9 11 13 14 | 14.4
Polearms       | 3 7 9 12 13 | 13.2
Invocations    | 1 4 6 8 10 | 10.1

Action                     |  1- 3 |  4- 6 |  7- 9 | 10-12 | 13-15 || total
---------------------------+-------+-------+-------+-------+-------++-------
  Melee: War axe           |    88 |   204 |    17 |       |       ||   309
         Headbutt          |    12 |    20 |    35 |   111 |    67 ||   245
         Trident           |       |       |   278 |   557 |   361 ||  1196
  Throw: Dart              |       |     8 |    13 |    24 |    12 ||    57
         Stone             |       |       |    27 |     9 |     1 ||    37
         Boomerang         |       |       |       |     3 |     1 ||     4
         Javelin           |       |       |       |       |     3 ||     3
    Use: Scroll            |       |     5 |     2 |    13 |       ||    20
         Potion            |       |     1 |       |     7 |     1 ||     9
 Armour: Chain mail        |    35 |    90 |       |       |       ||   125
         Scale mail        |     3 |       |       |       |       ||     3
         Plate armour      |       |    25 |    69 |   114 |    54 ||   262
  Dodge: Dodged            |    37 |    52 |    30 |    60 |    19 ||   198
         Repelled          |       |       |       |       |     1 ||     1
  Block: Buckler           |    10 |    16 |       |       |       ||    26
         Kite shield       |       |    63 |    74 |   261 |       ||   398
         Tower shield      |       |       |       |    65 |   257 ||   322

Table legend: (Time is in decaauts)
 A = Elapsed time spent in this place.
 B = Non-inter-level travel time spent in this place.
 C = Inter-level travel time spent in this place.
 D = Time resting spent in this place.
 E = Time spent auto-exploring this place.
 F = Levels seen in this place.
 G = Mean time per level.
                   A        B        C        D        E       F      G
               +--------+--------+--------+--------+--------+-----+--------+
         Total |  17255 |  16498 |    757 |   1846 |   6251 |  20 |  862.8 |
       Dungeon |   9675 |   9254 |    421 |    657 |   4135 |  12 |  806.2 |
        Temple |    206 |    176 |     30 |      0 |    158 |   1 |  206.0 |
          Lair |   6269 |   5964 |    305 |   1100 |   1957 |   5 | 1253.8 |
         Sewer |    465 |    465 |      0 |     80 |      0 |   1 |  465.0 |
       Ossuary |    638 |    638 |      0 |      9 |      0 |   1 |  638.0 |
               +--------+--------+--------+--------+--------+-----+--------+

Top non-repeatable levels by time:
  Lair:5: 1760 daAuts
    D:10: 1456 daAuts
  Lair:2: 1365 daAuts
  Lair:4: 1255 daAuts
     D:1: 1149 daAuts
     D:5: 1125 daAuts
  Lair:1: 1096 daAuts
     D:4: 1005 daAuts
     D:6: 879 daAuts
     D:7: 812 daAuts
  Lair:3: 791 daAuts
     D:3: 751 daAuts
     D:9: 670 daAuts
     D:2: 667 daAuts
 Ossuary: 638 daAuts
